 Dungeon Crawl Stone Soup version 0.22.0-16-gc6d26f69f9 (webtiles) character file.

189 Kniotic the Conjurer (level 5, 0/38 HPs)
             Began as a Demigod Conjurer on Aug 18, 2018.
             Slain by an adder (2 damage)
             ... on level 1 of the Dungeon.
             The game lasted 00:03:10 (2528 turns).

Kniotic the Conjurer (Demigod Conjurer)             Turns: 2528, Time: 00:03:10

Health: 0/38       AC:  2    Str: 11    XL:     5   Next: 17%
Magic:  13/13      EV: 12    Int: 21    God:
Gold:   59         SH:  0    Dex: 16    Spells: 10/11 levels left

rFire    x . .     SeeInvis .   j - -2 dagger (curse)
rCold    + . .     Gourm    .   (no shield)
rNeg     . . .     Faith    .   a - +0 robe
rPois    .         Spirit   .   (no helmet)
rElec    .         Reflect  .   (no cloak)
rCorr    .         Harm     .   (no gloves)
MR       .....                  (no boots)
Stlth    ++........             (no amulet)
HPRegen  0.12/turn              b - ring of ice
MPRegen  0.13/turn              (no ring)

@: lethally poisoned (0 -> -5)
A: high mp 1
a: no special abilities


You were on level 1 of the Dungeon.
You were not hungry.

You visited 1 branch of the dungeon, and saw 2 of its levels.

You collected 59 gold pieces.

Inventory:

Hand Weapons
 j - a cursed -2 dagger (weapon)
Armour
 a - a +0 robe (worn)
Jewellery
 b - a ring of ice (left hand)
Scrolls
 d - a scroll of remove curse {unknown}
 e - a scroll of amnesia {unknown}
 g - 2 scrolls of identify {unknown}
 i - a scroll of blinking {unknown}
Potions
 h - a potion of haste {unknown}
 k - a potion of magic
 l - a potion of might {unknown}
Comestibles
 c - a ration
 f - 4 chunks of flesh


   Skills:
 - Level 1.7 Dodging
 - Level 1.7 Stealth
 + Level 3.5 Spellcasting
 + Level 5.0 Conjurations


You had 10 spell levels left.
You knew the following spells:

 Your Spells              Type           Power        Failure   Level  Hunger
a - Magic Dart            Conj           ####         1%          1    None

Your spell library contained the following spells:

 Spells                   Type           Power        Failure   Level  Hunger
 Iskenderun's Mystic Bla  Conj           ####....     16%         4    ####...
 Fulminant Prism          Conj/Hex       ##........   41%         4    ####...
 Dazzling Spray           Conj/Hex       ##....       13%         3    ###....
 Force Lance              Conj/Tloc      ##......     41%         4    ####...
 Searing Ray              Conj           ####..       2%          2    ##.....


Dungeon Overview and Level Annotations

Branches:
Dungeon (2/15)

Annotations:
D:2 Robin


Innate Abilities, Weirdness & Mutations

You have an increased reservoir of magic. (+10% MP)


Message History

The adder bites you but does no damage. The adder closely misses you.
You completely miss the adder.
The adder is almost dead.
The adder bites you.
* * * LOW HITPOINT WARNING * * *
You completely miss the adder.
The adder is almost dead.
You feel sick. The adder barely misses you.
You barely miss the adder.
The adder is almost dead.
The adder bites you.
* * * LOW HITPOINT WARNING * * *
You are lethally poisoned!
The adder poisons you!
It was a potion of magic.
Magic courses through your body.
* * * LOW HITPOINT WARNING * * *
You feel sick. The adder bites you.
* * * LOW HITPOINT WARNING * * *
The adder bites you.
You die...

###### #....# #####....#
########........#
.........###....#
########.###...S##########
#.##..###@........#
#.................# #
##..#####.........# #
######.##.......).....# #
#.........###.........#
####.........# #.........#
.............# #.........#
...#.........# #.........#
.###.........# ###########


You could see an adder.

Vanquished Creatures
  Terence (D:2)
  A worker ant (D:2)
  4 gnolls (D:2)
  4 adders
  An ooze (D:2)
  A worm (D:2)
  A leopard gecko (D:1)
  2 bats (D:1)
  2 giant cockroaches (D:1)
  9 goblins
  3 hobgoblins
  14 jackals
  7 kobolds
  2 ball pythons (D:1)
  A frilled lizard (D:1)
  5 rats
58 creatures vanquished.

Vanquished Creatures (others)
  2 fungi (D:2)
2 creatures vanquished.

Grand Total: 60 creatures vanquished

Notes
Turn   | Place    | Note
-------+----------+-------------------------------------------
     0 | D:1      | Kniotic the Demigod Conjurer began the quest for the Orb.
     0 | D:1      | Reached XP level 1. HP: 14/14 MP: 5/5
   355 | D:1      | Reached XP level 2. HP: 20/20 MP: 0/7
   630 | D:1      | Reached skill level 4 in Conjurations
  1179 | D:1      | Reached XP level 3. HP: 26/26 MP: 5/9
  1364 | D:2      | Noticed Robin
  1577 | D:2      | Reached XP level 4. HP: 20/33 MP: 2/11
  2356 | D:2      | Noticed Terence
  2386 | D:2      | Killed Terence
  2386 | D:2      | Reached skill level 5 in Conjurations
  2386 | D:2      | Reached XP level 5. HP: 38/38 MP: 4/13
  2528 | D:1      | Slain by an adder

Skill      XL: |  1  2  3  4 |
---------------+-------------+-----
Spellcasting   | 2 3 |  3.5
Conjurations   | 4 5 |  5.0
Dodging        | |  1.7
Stealth        | |  1.7

Action                   |  1- 3 |  4- 6 || total
-------------------------+-------+-------++-------
Melee: Unarmed           |    30 |       ||    30
       Dagger            |       |    28 ||    28
 Cast: Magic Dart        |    83 |    71 ||   154
  Use: Potion            |       |     1 ||     1
  Eat: Chunk             |     2 |     3 ||     5
Armor: Robe              |    12 |     7 ||    19
Dodge: Dodged            |    56 |    55 ||   111
